 Dungeon Crawl Stone Soup version 0.30-a0-913-g9934a0ce24 (webtiles) character file.

Game seed: 3402344032100996518

1808 gelatine the Sneak (level 8, -3/57 (60) HPs)
             Began as a Demonspawn Gladiator on Mar 19, 2023.
             Was a Follower of Dithmenos.
             Slain by a small abomination (6 damage)
             ... while petrified by an ancient lich
             ... on level 1 of the Abyss.
             The game lasted 00:19:22 (5547 turns).

gelatine the Sneak (Demonspawn Gladiator)           Turns: 5547, Time: 00:19:23

HP:   -3/57 (60)    AC: 12    Str: 11    XL:     8   Next: 84%
MP:   9/9           EV:  2    Int: 20    God:    Dithmenos [*.....]
Gold: 281           SH:  0    Dex: 24    Spells: 12/12 levels left

rFire   . . .      SeeInvis .    r - +4 dagger (venom)
rCold   . . .      Faith    .    p - +0 buckler
rNeg    + + +      Spirit   .    b - +0 leather armour
rPois   ∞          Reflect  .    (helmet restricted)
rElec   .          Rampage  .    i - +1 cloak
rCorr   +                        a - +1 pair of gloves
Will    .....                    t - +0 pair of boots
Stlth   ++++++                   (no amulet)
HPRegen 0.29/turn                m - ring "Semuuh" {Drain rCorr Int+4 Dex+4}
MPRegen 0.11/turn                q - +6 ring of intelligence

@: petrified, wreathed by umbra, studying Throwing, drained, unable to read
A: antennae 1, thin skeletal structure 2, icemail 1, condensation shield, [low
MP 2], [weak 2], [inability to read after injury 2]
a: Renounce Religion


You were on level 1 of the Abyss.
You worshipped Dithmenos.
Dithmenos was aware of your devotion.
You visited 2 branches of the dungeon, and saw 7 of its levels.
You visited the Abyss 1 time.
You also visited: Sewer.

You collected 281 gold pieces.

Inventory:

Hand Weapons
 r - a +4 dagger of venom (weapon)
Missiles
 d - 13 poisoned darts
 g - a javelin
 l - 2 throwing nets
 v - 3 boomerangs (quivered)
Armour
 a - a +1 pair of gloves (worn)
 b - a +0 leather armour (worn)
 c - a +0 helmet
 i - a +1 cloak (worn)
 p - a +0 buckler (worn)
 t - a +0 pair of boots (worn)
Jewellery
 m - the ring "Semuuh" (left hand) {Drain rCorr Int+4 Dex+4}
   (You found it on level 2 of the Dungeon)

   [ring of resist corrosion]

   Int:       It affects your intelligence (+4).
   Dex:       It affects your dexterity (+4).
   rCorr:     It protects you from acid and corrosion.
   Drain:     It drains your maximum health when unequipped.
 q - a +6 ring of intelligence (right hand)
 x - an amulet of faith
Wands
 s - a wand of light (7)
Scrolls
 e - a scroll of blinking {unknown}
 h - a scroll of fog {unknown}
 j - a scroll of fear
 k - 3 scrolls of teleportation
 y - a scroll of brand weapon {unknown}
Potions
 n - 4 potions of flight
 u - a potion of cancellation {unknown}
 w - a potion of degeneration {unknown}


   Skills:
 * Level 3.9 Fighting
 * Level 3.9 Short Blades
 + Level 3.3 Axes
 + Level 2.9 Throwing
 * Level 3.1 Armour
 * Level 4.4 Dodging
 * Level 4.6 Stealth
 * Level 3.4 Shields
 + Level 2.6 Spellcasting
 * Level 1.9 Invocations
 * Level 1.3 Evocations


You had 12 spell levels left.
You didn't know any spells.
Your spell library contained the following spells:

 Spells                   Type           Power      Damage    Failure   Level
 Apportation              Tloc           4%         N/A       26%         1
 Beastly Appendage        Tmut           4%         N/A       26%         1
 Necrotise                Necr           8%         1d4       26%         1
 Summon Small Mammal      Summ           8%         N/A       26%         1
 Blink                    Tloc           4%         N/A       36%         2
 Ignite Poison            Fire/Tmut/Pois 2%         N/A       61%         3
 Kindle Blastsparks       Fire/Tloc/Air  4%         2d10      61%         3
 Teleport Other           Tloc           2%         N/A       61%         3
 Passage of Golubria      Tloc           2%         N/A       95%         4
 Freezing Cloud           Conj/Ice/Air   1%         6-21      100%        5


Dungeon Overview and Level Annotations

Branches:
Dungeon (6/15)             Temple (1/1) D:4           Sewer (visited)

Altars:
Ashenzari
Cheibriados
Dithmenos
Fedhas
Gozag
Hepliaklqana
Kikubaaqudgha
Makhleb
Okawaru
Qazlal
Ru
Trog
Uskayaw
Vehumet
Wu Jian
Yredelemnul

Shops:
D:5 (


Innate Abilities, Weirdness & Mutations

You have a pair of small antennae on your head.
You have a moderately thin skeletal structure. (Dex +4, Stealth++)
A meltable icy envelope protects you from harm. (AC +4)
A meltable shield of frost defends you. (SH +4)
[Your magical capacity is very low. (-20% MP)]
[You are very weak. (Str -4)]
[You sometimes lose the ability to read scrolls when taking damage.]


Message History

* * * LOW HITPOINT WARNING * * *
Something touches you.
* * * LOW HITPOINT WARNING * * *
You feel drained.
* * * LOW HITPOINT WARNING * * *
The small abomination completely misses you.
You feel better.
You hear some strange, mumbled words.
You are slowing down.
The small abomination barely misses you.
You feel better.
Something touches you but does no damage.
The small abomination barely misses you.
Something touches you.
You feel drained.
You block the small abomination's attack.
Something touches you!
Your limbs are stiffening.
You feel better.
An ancient lich appears from thin air!
Reactivating autopickup.
The small abomination hits you but does no damage.
The ancient lich touches you.
You feel drained. The small abomination hits you! The ancient lich touches you!
You have turned to stone.
The ancient lich touches you but does no damage.
The small abomination barely misses you.
The ancient lich barely misses you.
The small abomination hits you but does no damage.
The ancient lich touches you but does no damage.
The small abomination hits you but does no damage.
The ancient lich touches you!
* * * LOW HITPOINT WARNING * * *
The small abomination hits you but does no damage.
The ancient lich gestures wildly while chanting.
The ancient lich flickers and vanishes!
Deactivating autopickup; reactivate with Ctrl-A.
The small abomination hits you!
* * * LOW HITPOINT WARNING * * *
Something touches you!
* * * LOW HITPOINT WARNING * * *
You hear a shout!
The small abomination hits you!
You die...

# #..#
.##h##..#
.....
..## .# #
... #
##.## #
#.## #
#X.. #{#.
#@#...
#x# ....
#.# # ..
... ...
.....
##..#
.#..


You could see a large abomination and a small abomination.

Vanquished Creatures
  5 yaks (D:5)
  A black bear (D:5)
  2 ogres (D:5)
  2 centaurs (D:5)
  2 kobold brigands (Sewer)
  A scorpion (D:5)
  A small abomination (Abyss:1)
  A howler monkey (D:5)
  A hound (D:4)
  A jelly (D:5)
  An orc priest (D:4)
  3 iguanas
  6 adders
  4 gnolls (D:5)
  A river rat (Sewer)
  A shadow imp (D:5)
  A white imp (D:5)
  2 ufetubi
  2 dart slugs (D:2)
  12 orcs
  4 endoplasms
  6 giant cockroaches
  6 goblins
  2 hobgoblins (D:1)
  5 jackals
  7 quokkas
  5 ball pythons
  3 bats
  2 frilled lizards (D:3)
  10 kobolds
  9 rats
109 creatures vanquished.

Notes
Turn   | Place    | Note
-------+----------+-------------------------------------------
     0 | D:1      | gelatine the Demonspawn Gladiator began the quest for the
                  | Orb.
     0 | D:1      | Reached XP level 1. HP: 16/16 MP: 1/1
   170 | D:1      | Gained mutation: You have a somewhat thin skeletal
                  | structure. (Dex +2, Stealth+) [demonic ancestry]
   170 | D:1      | Reached XP level 2. HP: 21/22 MP: 2/2
   807 | D:2      | Identified the ring "Semuuh" {Drain rCorr Int+4 Dex+4}
   886 | D:2      | Gained mutation: A meltable shield of frost defends you.
                  | (SH +4) [demonic ancestry]
   886 | D:2      | Reached XP level 3. HP: 4/27 MP: 3/3
  1222 | D:2      | Reached skill level 1 in Armour
  2089 | D:3      | Gained mutation: A meltable icy envelope protects you from
                  | harm. (AC +4) [demonic ancestry]
  2089 | D:3      | Reached XP level 4. HP: 34/34 MP: 4/4
  2094 | D:3      | Found a stormy altar of Qazlal.
  2497 | D:4      | Found a broken altar of Ashenzari.
  2578 | D:4      | Got the Notes on the Singularity and Shaping
  2590 | D:4      | Reached skill level 1 in Stealth
  2658 | D:4      | Reached skill level 1 in Short Blades
  2661 | D:4      | Gained mutation: You have a moderately thin skeletal
                  | structure. (Dex +4, Stealth++) [demonic ancestry]
  2661 | D:4      | Reached XP level 5. HP: 39/39 MP: 4/6
  2780 | D:4      | Found an ancient bone altar of Kikubaaqudgha.
  2910 | D:4      | Found a staircase to the Ecumenical Temple.
  2919 | Temple   | Entered the Ecumenical Temple
  2919 | Temple   | Found a transporter.
  2919 | Temple   | Found a transporter.
  2921 | Temple   | Found a transporter.
  2921 | Temple   | Found a transporter.
  2941 | Temple   | Became a worshipper of Dithmenos the Shadowed
  3245 | D:5      | Entered Level 5 of the Dungeon
  3321 | D:5      | Reached skill level 1 in Spellcasting
  3361 | D:5      | Found an iron altar of Okawaru.
  3374 | D:5      | Noticed a centaur
  3377 | D:5      | Noticed a centaur
  3408 | D:5      | Killed a centaur
  3409 | D:5      | Reached skill level 1 in Shields
  3409 | D:5      | Reached XP level 6. HP: 20/46 MP: 7/7
  3690 | D:5      | Found Utson's Antique Weapon Shoppe.
  3735 | D:5      | Found a glowing drain.
  3743 | Sewer    | Entered a sewer
  3835 | Sewer    | Reached * piety under Dithmenos
  3836 | Sewer    | Gained mutation: You have a pair of small antennae on your
                  | head. [demonic ancestry]
  3836 | Sewer    | Reached XP level 7. HP: 13/51 MP: 9/9
  4397 | D:5      | Noticed a yak
  4432 | D:5      | Noticed a yak
  4436 | D:5      | Noticed a yak
  4436 | D:5      | Noticed a yak
  4437 | D:5      | Noticed a yak
  4464 | D:5      | Killed a yak
  4465 | D:5      | Reached XP level 8. HP: 24/58 MP: 11/11
  4500 | D:5      | Reached skill level 1 in Invocations
  4500 | D:5      | Reached skill level 1 in Evocations
  4809 | D:5      | Found a basalt altar of Yredelemnul.
  4809 | D:5      | Found a snail-covered altar of Cheibriados.
  5206 | Abyss:1  | Cast into level 1 of the Abyss (orc warrior)
  5211 | Abyss:1  | Found a corrupted altar of Lugonu.
  5211 | Abyss:1  | Found a corrupted altar of Lugonu.
  5219 | Abyss:1  | Found a corrupted altar of Lugonu.
  5241 | Abyss:1  | Found a shimmering blue altar of Sif Muna.
  5272 | Abyss:1  | Noticed a large abomination
  5300 | Abyss:1  | Noticed an orange demon
  5303 | Abyss:1  | Noticed a wretched star
  5370 | Abyss:1  | Noticed a wretched star
  5441 | Abyss:1  | Noticed a starcursed mass
  5479 | Abyss:1  | Noticed a tentacled starspawn
  5487 | Abyss:1  | Noticed a raiju
  5493 | Abyss:1  | Noticed a large abomination
  5499 | Abyss:1  | Noticed an ancient lich
  5516 | Abyss:1  | Noticed a starcursed mass
  5520 | Abyss:1  | Noticed a raiju
  5537 | Abyss:1  | HP: 1/60 [something (9)]
  5547 | Abyss:1  | Slain by a small abomination

Illustrated notes

Levels and vault maps discovered:
D:1:      minmay_arrival_five_plusses, layout_loops_ring,
          kennysheep_minor_cross, minivault_4, minmay_misc_feat_doors
D:2:      layout_basic
D:3:      layout_basic, grunt_qazlal_clouds
D:4:      layout_loops_ring, mainiacjoe_overflow_brackets,
          nicolae_kikubaaqudgha_miasma_corner, temple_hall
D:5:      layout_basic, mainiacjoe_overflow_concentric_impassable,
          gammafunk_temple_overflow_wave, okawaru_trees_2, gup_sewer_entry_pipe,
          serial_shops, nicolae_diamond_shop, minmay_manual_mares
D:6:      layout_basic
Temple:   hellmonk_temple_divided_pantheon
Abyss:1:  base:
D:4

Skill      XL: |  1  2  3  4  5  6  7  8 |
---------------+-------------------------+-----
Dodging        | 3 4 |  4.4
Axes           | 3 |  3.3
Armour         | 1 2 3 |  3.1
Stealth        | 1 2 4 |  4.6
Short Blades   | 1 2 3 |  3.9
Spellcasting   | 1 2 |  2.6
Shields        | 1 2 3 |  3.4
Throwing       | 2 |  2.9
Fighting       | 3 |  3.9
Invocations    | 1 |  1.9
Evocations     | 1 |  1.3

Action                     |  1- 3 |  4- 6 |  7- 9 || total
---------------------------+-------+-------+-------++-------
  Melee: War axe           |    53 |       |       ||    53
         Dagger            |    77 |    92 |   148 ||   317
         Punch             |     2 |       |       ||     2
  Throw: Throwing net      |     2 |     3 |       ||     5
         Javelin           |       |     2 |       ||     2
         Dart              |       |     4 |    22 ||    26
         Boomerang         |       |       |     4 ||     4
    Use: Scroll            |       |    11 |     2 ||    13
         Potion            |       |       |     6 ||     6
   Stab: Sleeping          |    11 |     6 |     5 ||    22
         Held in net/web   |     1 |     1 |       ||     2
         Fleeing           |       |     1 |       ||     1
         Distracted        |       |       |     1 ||     1
 Armour: Leather armour    |    37 |    28 |    22 ||    87
  Dodge: Dodged            |    83 |    56 |    55 ||   194
  Block: Buckler           |    16 |    45 |    58 ||   119
         Other             |     2 |       |       ||     2

Table legend: (Time is in decaauts)
 A = Elapsed time spent in this place.
 B = Non-inter-level travel time spent in this place.
 C = Inter-level travel time spent in this place.
 D = Time resting spent in this place.
 E = Time spent auto-exploring this place.
 F = Levels seen in this place.
 G = Mean time per level.
                   A        B        C        D        E       F      G
               +--------+--------+--------+--------+--------+-----+--------+
         Total |   5614 |   5499 |    115 |      0 |   3990 |   9 |  623.8 |
       Dungeon |   4842 |   4727 |    115 |      0 |   3631 |   6 |  807.0 |
        Temple |     34 |     34 |      0 |      0 |      2 |   1 |   34.0 |
         Abyss |    340 |    340 |      0 |      0 |    106 |   1 |  340.0 |
         Sewer |    397 |    397 |      0 |      0 |    250 |   1 |  397.0 |
               +--------+--------+--------+--------+--------+-----+--------+

Top non-repeatable levels by time:
     D:5: 1436 daAuts
     D:2: 932 daAuts
     D:4: 799 daAuts
     D:3: 781 daAuts
     D:1: 716 daAuts
   Sewer: 397 daAuts
 Abyss:1: 340 daAuts
     D:6: 176 daAuts
  Temple: 34 daAuts
